 Dungeon Crawl Stone Soup version 0.19.0-20-gbc5f0c6 (webtiles) character file.

99 Minion the Cudgeler (level 4, 0/28 HPs)
             Began as a Gargoyle Abyssal Knight on Nov 17, 2016.
             Was a Believer of Lugonu.
             Slain by a scorpion (8 damage)
             ... on level 3 of the Dungeon.
             The game lasted 00:05:44 (2237 turns).

Minion the Cudgeler (Gargoyle Abyssal Knight)       Turns: 2237, Time: 00:05:44

Health: 0/28       AC:  4    Str: 15    XL:     4   Next: 72%
Magic:  5/5        EV:  9    Int: 13    God:    Lugonu [**....]
Gold:   142        SH:  0    Dex: 10    Spells: 0 memorised, 3 levels left

rFire  . . .     SeeInvis .     a - +1 mace
rCold  . . .     Gourm    .     n - +0 robe (curse)
rNeg   + . .     Faith    .     (no shield)
rPois  ∞         Spirit   .     (no helmet)
rElec  +         Reflect  .     (no cloak)
rCorr  .         Harm     .     k - +1 pair of gloves
MR     .....                    (no boots)
Stlth  +.........               (no amulet)
                                j - -2 ring of evasion (curse)
                                q - -3 ring of protection (curse)

@: no status effects
A: negative energy resistance 1, electricity resistance, unbreathing,
petrification resistance, rot immunity, AC +3
a: Depart the Abyss, Bend Space, Renounce Religion


You were on level 3 of the Dungeon.
You worshipped Lugonu.
Lugonu was pleased with you.
You were not hungry.

You visited 1 branch of the dungeon, and saw 3 of its levels.
You visited the Abyss 1 time.

You collected 142 gold pieces.

Inventory:

Hand Weapons
 a - a +1 mace (weapon)
Armour
 g - a +0 scale mail
 k - a +1 pair of gloves (worn)
 n - a cursed +0 robe (worn)
Jewellery
 j - a cursed -2 ring of evasion (right hand)
 q - a cursed -3 ring of protection (left hand)
Scrolls
 b - 2 scrolls of blinking
 m - a scroll of noise
 p - 2 scrolls of identify
 u - a scroll of amnesia
Potions
 d - 2 potions of haste {unknown}
 e - a potion of flight
 h - 4 potions of curing {unknown}
 r - a potion of ambrosia {unknown}
 s - a potion of heal wounds {unknown}
Comestibles
 c - 2 bread rations
 f - a slice of pizza
 i - 2 fruits
 o - a meat ration
 t - 3 chunks of flesh


   Skills:
 - Level 3.2 Fighting
 + Level 4.7 Maces & Flails
 - Level 2.1 Armour
 - Level 0.7 Dodging
 - Level 2.0 Invocations


You had 3 spell levels left.
You didn't know any spells.

Dungeon Overview and Level Annotations

Branches:
Dungeon (3/15)

Altars:
Elyvilon


Innate Abilities, Weirdness & Mutations

You are resistant to torment.
Your stone body is resilient. (AC +3)
You are immune to poison.
You resist negative energy. (rN+)
You are resistant to electric shocks. (rElec)
You can survive without breathing.
You are immune to petrification.
You are immune to rotting.


Message History

This raw flesh tastes terrible.
You start resting.
A bat comes into view.
You climb downwards.
The scorpion barely misses you. x2
Some of the chunks of flesh in your inventory have rotted away.
There is a stone staircase leading up here.
You completely miss the scorpion. The scorpion stings you.
You hit the scorpion but do no damage. The scorpion stings you.
You hit the scorpion.
The scorpion is moderately wounded.
The scorpion stings you.
You hit the scorpion.
The scorpion is severely wounded.
The scorpion stings you. x2
* * * LOW HITPOINT WARNING * * *
You are too injured to fight recklessly!
You hit the scorpion.
The scorpion is severely wounded.
The scorpion stings you!
You die...

#. #..# # .# #..#
#. .## #..# #$.
#.. .. #..# ..
...#. #..# ..
<..(. #..# #.
#.### #.s# .#.
#.##> #@.# .#.##
#.##. #..##.#..#
#.#.. #..#..
#÷#####.... #..#.#
#)##......#
#..#.###.......###
#..#.##....%...#
#....s..........#
#..#.##.........#
#....##.........#


You could see a scorpion.

Vanquished Creatures
  A gnoll (D:1)
  3 adders
  An ooze (D:1)
  2 worms (D:2)
  3 dart slugs
  A leopard gecko (D:2)
  An orc (D:3)
  2 bats (D:1)
  3 giant cockroaches
  4 goblins
  6 hobgoblins
  4 jackals (D:3)
  A ball python (D:2)
  3 frilled lizards
  3 kobolds
  7 rats
45 creatures vanquished.

Notes
Turn   | Place    | Note
-------+----------+-------------------------------------------
     0 | Abyss:1  | Minion the Gargoyle Abyssal Knight began the quest for the Orb.
     0 | Abyss:1  | Reached XP level 1. HP: 14/14 MP: 2/2
    25 | D:1      | Escaped the Abyss
    52 | D:1      | Reached XP level 2. HP: 13/19 MP: 3/3
   293 | D:1      | Reached skill level 3 in Maces & Flails
   326 | D:1      | Reached XP level 3. HP: 5/23 MP: 4/4
   893 | D:2      | Reached ** piety under Lugonu
  1034 | D:2      | Reached skill level 4 in Maces & Flails
  1101 | D:2      | Reached XP level 4. HP: 21/28 MP: 5/5
  1563 | D:2      | Found a white marble altar of Elyvilon.
  2237 | D:3      | Slain by a scorpion

Skill      XL: |  1  2  3 |
---------------+----------+-----
Maces & Flails | 3 4 |  4.7
Fighting       | |  3.2
Armour         | |  2.1
Dodging        | |  0.7
Invocations    | |  2.0

Action                   |  1- 3 |  4- 6 || total
-------------------------+-------+-------++-------
Melee: Mace              |    89 |    87 ||   176
  Use: Scroll            |     5 |     3 ||     8
  Eat: Chunk             |     1 |     3 ||     4
       Fruit             |       |     1 ||     1
Armor: Leather armour    |     8 |       ||     8
       Scale mail        |    35 |       ||    35
       Robe              |    15 |    41 ||    56
Dodge: Dodged            |    47 |    53 ||   100
